 Dungeon Crawl Stone Soup version 0.29-a0-1019-g84f7d21838 (webtiles) character file.

Game seed: 6044256138141422281

19894 Manisian the Skirmisher (level 12, -2/63 HPs)
             Began as a Spriggan Conjurer on Aug 10, 2022.
             Was a High Priest of Okawaru.
             Hit by a javelin thrown by Urug (4 damage)
             ... on level 11 of the Dungeon.
             The game lasted 00:26:03 (14095 turns).

Manisian the Skirmisher (Spriggan Conjurer)        Turns: 14095, Time: 00:26:04

Health: -2/63      AC:  8    Str:  5    XL:     12   Next: 40%
Magic:  0/26       EV: 27    Int: 19    God:    Okawaru [*****.]
Gold:   579        SH:  0    Dex: 28    Spells: 3/17 levels left

rFire   x . .      SeeInvis +   v - +8 arbalest of Tension {penet, MP+9 Str+2 Dex+2}
rCold   . . .      Faith    .   (shield currently unavailable)
rNeg    + . .      Spirit   +   E - +1 robe "Jefe" {rF- rN+ Will+ Dex+7}
rPois   .          Reflect  .   (helmet restricted)
rElec   .          Harm     .   d - +0 cloak
rCorr   +          Rampage  .   (gloves unavailable)
Will    ++...                   (boots unavailable)
Stlth   ++++......              l - amulet of guardian spirit
HPRegen 0.20/turn               r - +4 ring of protection
MPRegen 0.20/turn               f - ring of resist corrosion

@: very quick
A: very small, no large weapons, unfitting armour, see invisible, speed 3,
weak-willed 1
a: Renounce Religion, Heroism, Finesse, Duel


You were on level 11 of the Dungeon.
You worshipped Okawaru.
Okawaru was extremely pleased with you.
You visited 2 branches of the dungeon, and saw 12 of its levels.
You also visited: Sewer and Ice Cave.

You collected 826 gold pieces.
You spent 247 gold pieces at shops.

Inventory:

Hand Weapons
 g - a +1 arbalest
 u - the +7 Throatcutter {drain, coup de grace}
   (You found it on level 4 of the Dungeon)

   A truly terrible weapon, it drains the life of any living foe it strikes.
   It may instantly kill foes which have little health.
 v - the +8 arbalest of Tension (weapon) {penet, MP+9 Str+2 Dex+2}
   (You bought it in a shop on level 2 of the Dungeon)

   Any ammunition fired by it passes through the targets it hits, potentially
   hitting all targets in its path until it reaches maximum range.
   Str:       It affects your strength (+2).
   Dex:       It affects your dexterity (+2).
   MP:        It affects your magic capacity (+9).
 C - the +11 rapier "Beetlebane" {vorpal, rC+ rN+ Int+3 Dex-3}
   (You found it on level 9 of the Dungeon)

   It inflicts extra damage upon your enemies.
   Int:       It affects your intelligence (+3).
   Dex:       It affects your dexterity (-3).
   rC:        It protects you from cold.
   rN:        It protects you from negative energy.
 G - the +2 spear "Newtslayer" {antimagic, Will- Str+2 Int+4 Dex+4}
   (You found it on level 11 of the Dungeon)

   It reduces the magical energy of the wielder, and disrupts the spells and
   magical abilities of those it strikes.
   Natural abilities and divine invocations are not affected.
   Str:       It affects your strength (+2).
   Int:       It affects your intelligence (+4).
   Dex:       It affects your dexterity (+4).
   Will:      It decreases your willpower.
Missiles
 B - 4 throwing nets
Armour
 a - a +1 robe
 d - a +0 cloak (worn)
 s - a +1 buckler of cold resistance
 E - the +1 robe "Jefe" (worn) {rF- rN+ Will+ Dex+7}
   (Okawaru gifted it to you on level 10 of the Dungeon)

   Dex:       It affects your dexterity (+7).
   rF:        It makes you vulnerable to fire.
   rN:        It protects you from negative energy.
   Will:      It increases your willpower.
Jewellery
 f - a ring of resist corrosion (right hand)
 l - an amulet of guardian spirit (around neck)
 r - a +4 ring of protection (left hand)
 t - a ring of fire
Wands
 m - a wand of flame (28)
 x - a wand of charming (28)
 y - a wand of iceblast (3)
 F - a wand of polymorph (11)
Scrolls
 h - 3 scrolls of immolation
 k - a scroll of fog {unknown}
 q - 6 scrolls of teleportation
 A - 2 scrolls of poison
Potions
 b - 3 potions of magic
 c - 3 potions of degeneration
 e - 4 potions of attraction
 i - 2 potions of haste
 j - 3 potions of curing
 n - 3 potions of might
 o - 2 potions of berserk rage
 p - 7 potions of flight
 w - a potion of lignification
 z - 2 potions of resistance
 D - a potion of mutation


   Skills:
 + Level 7.1 Fighting
 + Level 14.7 Ranged Weapons
 + Level 8.8 Dodging
 + Level 5.4 Stealth
 + Level 3.0 Spellcasting
 + Level 3.4 Conjurations
 - Level 4.0 Hexes
 - Level 2.0 Translocations
 + Level 0.1 Fire Magic
 * Level 6.8 Ice Magic
 + Level 0.3 Evocations


You had 3 spell levels left.
You knew the following spells:

 Your Spells              Type           Power      Damage    Failure   Level
a - Ozocubu's Armour      Ice            28%        N/A       2%          3
b - Conjure Flame         Conj/Fire      9%         6-21      22%         3
c - Dazzling Flash        Conj/Hex       32%        N/A       10%         3
d - Magic Dart            Conj           60%        1d6       3%          1
e - Iskenderun's Mystic   Conj/Tloc      13%        2d5       45%         4

Your spell library contained the following spells:

 Spells                   Type           Power      Damage    Failure   Level
 Frozen Ramparts          Ice            56%        1d9       2%          3
 Searing Ray              Conj           30%        2d5       5%          2
 Foxfire                  Conj/Fire      36%        2x1d5     8%          1
 Shock                    Conj/Air       36%        1d5       8%          1
 Sandblast                Erth           4%         2d4       16%         1
 Gell's Gravitas          Tloc           10%        N/A       21%         3
 Teleport Other           Tloc           10%        N/A       21%         3
 Passwall                 Tmut/Erth      1%         N/A       22%         2
 Scorch                   Fire           6%         2d5       22%         2
 Sublimation of Blood     Necr           2%         N/A       22%         2
 Stone Arrow              Conj/Erth      18%        3d8       22%         3
 Mephitic Cloud           Conj/Pois/Air  7%         N/A       28%         3
 Ignite Poison            Fire/Tmut/Pois 2%         N/A       41%         3
 Swiftness                Air            2%         N/A       41%         3
 Fulminant Prism          Conj/Hex       8%         3d7       32%         4
 Ice Form                 Ice/Tmut       15%        N/A       36%         4
 Metabolic Englaciation   Hex/Ice        11%        N/A       43%         5
 Sticky Flame             Conj/Fire      9%         2d3       58%         4
 Airstrike                Air            1%         2d(1-17)  83%         4
 Petrify                  Tmut/Erth      2%         N/A       83%         4
 Irradiate                Conj/Tmut      4%         3d13      91%         5
 Dispersal                Tloc           5%         N/A       100%        6
 Starburst                Conj/Fire      4%         6d4       100%        6
 Statue Form              Tmut/Erth      1%         N/A       100%        6
 Ozocubu's Refrigeration  Ice            14%        4d10      100%        7
 Ignition                 Fire           1%         3d3       100%        8
 Call Imp                 Summ           Unusable   N/A       N/A         2
 Animate Armour           Summ/Erth      Unusable   N/A       N/A         4

Dungeon Overview and Level Annotations

Branches:
Dungeon (11/15)            Temple (1/1) D:5            Lair (0/5) D:10
    Orc (0/2) D:10          Sewer (visited)           IceCv (visited)

Altars:
Ashenzari
Cheibriados
Dithmenos
Elyvilon
Fedhas
Gozag
Hepliaklqana
Kikubaaqudgha
Makhleb
Nemelex Xobeh
Okawaru
Qazlal
Ru
Sif Muna
Trog
Uskayaw
Vehumet
Wu Jian
Xom
Yredelemnul
Zin
The Shining One

Shops:
D:2 (

Annotations:
D:11 Urug


Innate Abilities, Weirdness & Mutations

You are very small and have problems with some larger weapons.
You are too small for most types of armour.
You have supernaturally acute eyesight. (SInv)
You cover ground extremely quickly. (Speed+++)
You are slightly weak-willed. (Will-)


Message History

You shoot a bolt. The bolt misses Urug.
Urug completely misses you.
You shoot a bolt. The bolt barely misses Urug.
Urug misses you.
You shoot a bolt. The bolt barely misses Urug.
Urug hits you with a +1 scimitar!! x2
You are too injured to fight recklessly!
You are too injured to fight recklessly!
You are too injured to fight recklessly!
You are too injured to fight recklessly!
Fire: v) +8 arbalest of Tension {penet, MP+9 Str+2 Dex+2}
Press: ? - help, Q - select action, (/) - cycle Shift-Dir - straight line, f/p - Urug
Aim: Urug, wielding a +1 scimitar, wearing a +0 scale mail of fire resistance and quivering javelins (severely wounded, 72% to hit)
You shoot a bolt.
The bolt pierces through Urug but does no damage.
Urug is severely wounded.
Urug hits you with a +1 scimitar!
Fire: v) +8 arbalest of Tension {penet, MP+9 Str+2 Dex+2}
Press: ? - help, Q - select action, (/) - cycle Shift-Dir - straight line, f/p - Urug
Aim: Urug, wielding a +1 scimitar, wearing a +0 scale mail of fire resistance and quivering javelins (severely wounded, 72% to hit)
You shoot a bolt.
The bolt pierces through Urug but does no damage.
Urug is severely wounded.
Urug screams, "Your bloody kin took my one good eye.
Now you die, harpy!" Urug misses you.
Fire: v) +8 arbalest of Tension {penet, MP+9 Str+2 Dex+2}
Press: ? - help, Q - select action, (/) - cycle Shift-Dir - straight line, f/p - Urug
Aim: Urug, wielding a +1 scimitar, wearing a +0 scale mail of fire resistance and quivering javelins (severely wounded, 72% to hit)
You shoot a bolt. The bolt pierces through Urug!
Urug is almost dead.
Urug hits you with a +1 scimitar!!
* * * LOW HITPOINT WARNING * * *
Fire: v) +8 arbalest of Tension {penet, MP+9 Str+2 Dex+2}
Press: ? - help, Q - select action, (/) - cycle Shift-Dir - straight line, f/p - Urug
Aim: Urug, wielding a +1 scimitar, wearing a +0 scale mail of fire resistance and quivering javelins (almost dead, 72% to hit)
You shoot a bolt. The bolt closely misses Urug.
Urug screams, "Revenge!"
Urug closely misses you.
Urug throws a javelin.
The javelin completely misses you.
Urug screams, "Prepare for a defeathering!"
Urug throws a javelin.
The javelin pierces through you.
You die...

..#####...########.....
..........#.... #.####
.........#..... #.#.<.
.........#......#.#...
#....o.#......'.#...
#......###+####.'...
#...............#...
#...............####
#..@................
####...................
#......................
#.......#######........
###.......#.....#....####
#.........#.....######...
#........#..............
#........#..............
#.....####..............


You could see Urug.

Vanquished Creatures
  A two-headed ogre (D:8)
  Pikel (D:8)
  2 ugly things
  2 cyclopes
  Psyche (D:8)
  An efreet (D:11)
  3 freezing wraiths (IceCv)
  A komodo dragon (D:10)
  8 ice devils (IceCv)
  4 trolls
  A hornet (D:9)
  Prince Ribbit (D:5)
  2 dire elephant simulacra (IceCv)
  A vampire (D:9)
  2 wyverns
  A shadow (D:10)
  A wraith (D:11)
  20 yaks
  A steam dragon (D:6)
  3 death yak simulacra (IceCv)
  3 harpy simulacra (IceCv)
  A warg (D:7)
  2 water moccasins
  2 hydra simulacra (IceCv)
  2 black bears (D:10)
  5 orc warriors
  An ice beast (D:6)
  6 ogres
  10 centaurs
  2 lemures (D:8)
  2 phantoms (D:6)
  3 kobold brigands
  Blork the orc (D:6)
  4 bullfrogs
  6 gnoll sergeants
  5 cane toad simulacra (IceCv)
  7 scorpions
  3 two-headed ogre simulacra
  4 wights (D:6)
  An elephant simulacrum (IceCv)
  6 electric eels (D:6)
  A vampire bat (D:4)
  12 howler monkeys
  10 hounds
  5 gnoll boudas
  4 jellies
  13 orc priests
  Ijyb (D:5)
  5 iguanas
  13 orc wizards
  3 polar bear simulacra (IceCv)
  3 troll simulacra
  A merfolk avatar (Sewer)
  A merfolk siren (Sewer)
  2 spriggan simulacra (IceCv)
  4 wolf simulacra (IceCv)
  Robin (D:3)
  31 gnolls
  10 adders
  2 naga simulacra
  5 river rats
  A shadow imp (D:6)
  2 white imps
  An ufetubus (IceCv)
  4 worms
  3 fire bats (D:4)
  46 orcs
  2 spectral bats (D:4)
  8 ball pythons
  19 bats
  3 bat skeletons (D:4)
  A bat zombie (D:4)
  10 endoplasms
  4 giant cockroaches
  7 hobgoblins
  3 jackals (D:2)
  6 quokkas
  A bat simulacrum (D:4)
  10 frilled lizards
  17 goblins
  13 kobolds
  34 rats
455 creatures vanquished.

Vanquished Creatures (others)
  8 fungi (D:10)
  21 plants
29 creatures vanquished.

Grand Total: 484 creatures vanquished

Notes
Turn   | Place    | Note
-------+----------+-------------------------------------------
     0 | D:1      | Manisian the Spriggan Conjurer began the quest for the Orb.
     0 | D:1      | Reached XP level 1. HP: 9/9 MP: 5/5
   477 | D:1      | Reached XP level 2. HP: 13/13 MP: 4/6
  1180 | D:2      | Reached skill level 1 in Ranged Weapons
  1237 | D:2      | Found Bepiss's Antique Weapon Emporium.
  1252 | D:2      | Reached XP level 3. HP: 16/16 MP: 1/8
  1995 | D:2      | Reached skill level 2 in Ranged Weapons
  2039 | D:2      | Reached XP level 4. HP: 21/21 MP: 4/9
  2044 | D:2      | Learned a level 4 spell: Iskenderun's Mystic Blast
  2315 | D:3      | Noticed Robin
  2452 | D:3      | Reached skill level 1 in Translocations
  2539 | D:3      | Killed Robin
  2540 | D:3      | Reached skill level 3 in Ranged Weapons
  2659 | D:3      | Reached XP level 5. HP: 18/25 MP: 10/10
  2743 | D:3      | Found a glowing drain.
  2752 | Sewer    | Entered a sewer
  3021 | Sewer    | Learned a level 3 spell: Dazzling Flash
  3097 | Sewer    | Reached skill level 4 in Ranged Weapons
  3397 | Sewer    | Reached XP level 6. HP: 29/29 MP: 11/11
  3961 | D:4      | Identified the +14 chain mail "Qipeiguh" {Harm}
  4249 | D:4      | Found the +7 Throatcutter {drain, coup de grace}
  4349 | D:2      | Bought an encrusted arbalest for 247 gold pieces
  4349 | D:2      | Identified the +8 arbalest of Tension {penet, MP+9 Str+2
                  | Dex+2} (You bought it in a shop on level 2 of the Dungeon)
  4424 | D:4      | Noticed an orc warrior
  4427 | D:4      | Killed an orc warrior
  4428 | D:4      | Reached skill level 1 in Fighting
  4428 | D:4      | Reached skill level 5 in Ranged Weapons
  4428 | D:4      | Found a bloodstained altar of Trog.
  4440 | D:4      | Found a shimmering blue altar of Sif Muna.
  4444 | D:4      | Got Sif Muna's Guide on Calefaction
  4534 | D:4      | Reached XP level 7. HP: 33/33 MP: 12/12
  4668 | D:4      | Reached skill level 6 in Ranged Weapons
  5353 | D:5      | Entered Level 5 of the Dungeon
  5417 | D:5      | Reached skill level 1 in Hexes
  5545 | D:5      | Noticed Prince Ribbit
  5556 | D:5      | Killed Prince Ribbit
  5557 | D:5      | Reached skill level 1 in Ice Magic
  5716 | D:5      | Found a staircase to the Ecumenical Temple.
  5727 | Temple   | Entered the Ecumenical Temple
  5788 | Temple   | Became a worshipper of Ru the Awakened
  5868 | D:5      | Reached XP level 8. HP: 39/39 MP: 13/13
  5875 | D:5      | Learned a level 3 spell: Ozocubu's Armour
  5915 | D:5      | Reached skill level 5 in Dodging
  6012 | D:5      | Reached skill level 7 in Ranged Weapons
  6091 | D:5      | Noticed Ijyb
  6096 | D:5      | Killed Ijyb
  7054 | D:6      | Reached skill level 8 in Ranged Weapons
  7205 | D:6      | Gained mutation: You are slightly weak-willed. (Will-) [Ru
                  | sacrifice]
  7205 | D:6      | Reached * piety under Ru
  7328 | D:6      | Noticed Blork the orc
  7331 | D:6      | Killed Blork the orc
  7369 | D:6      | Found a blossoming altar of Fedhas.
  7475 | D:6      | Reached XP level 9. HP: 44/44 MP: 14/14
  7691 | D:6      | Noticed a cyclops
  7695 | D:6      | Killed a cyclops
  7696 | D:6      | Reached skill level 9 in Ranged Weapons
  8417 | D:7      | Found an iron altar of Okawaru.
  8438 | D:7      | Noticed a troll
  8442 | D:7      | Killed a troll
  8443 | D:7      | Reached skill level 10 in Ranged Weapons
  8469 | D:7      | Fell from the grace of Ru
  8469 | D:7      | Became a worshipper of Warmaster Okawaru
  8679 | D:7      | Reached XP level 10. HP: 49/49 MP: 15/15
  8696 | D:7      | Reached * piety under Okawaru
  8942 | D:7      | Reached skill level 11 in Ranged Weapons
  9040 | D:7      | Noticed a cyclops
  9044 | D:7      | Killed a cyclops
  9162 | D:7      | Learned a level 3 spell: Conjure Flame
  9217 | D:8      | You fall into a shaft and drop 1 floor!
  9223 | D:9      | Identified the +11 rapier "Beetlebane" {vorpal, rC+ rN+
                  | Int+3 Dex-3}
  9275 | D:8      | Noticed Pikel
  9278 | D:8      | Killed Pikel
  9278 | D:8      | Reached ** piety under Okawaru
  9281 | D:8      | Noticed a two-headed ogre
  9290 | D:8      | Killed a two-headed ogre
  9291 | D:8      | Reached skill level 12 in Ranged Weapons
  9302 | D:8      | Noticed Psyche
  9312 | D:8      | Killed Psyche
  9313 | D:8      | Reached skill level 5 in Fighting
  9523 | D:8      | Reached skill level 5 in Ice Magic
  9528 | D:8      | Reached *** piety under Okawaru
  9823 | D:8      | Found a broken altar of Ashenzari.
 10330 | D:9      | Reached XP level 11. HP: 56/56 MP: 16/16
 10502 | D:9      | Got the Reference Book on the Flinty Volcanoes
 11573 | D:9      | Reached **** piety under Okawaru
 11574 | D:9      | Reached skill level 13 in Ranged Weapons
 11599 | D:10     | Entered Level 10 of the Dungeon
 11630 | D:10     | Noticed a brown ugly thing
 11633 | D:10     | Killed a brown ugly thing
 11642 | D:10     | Found a staircase to the Lair.
 11711 | D:10     | Reached ***** piety under Okawaru
 11800 | D:10     | Found a snail-covered altar of Cheibriados.
 11807 | D:10     | Reached skill level 5 in Stealth
 11818 | D:10     | Found an opulent altar of Gozag.
 11862 | D:10     | Found a staircase to the Orcish Mines.
 11887 | D:10     | Identified the +1 robe "Jefe" {rF- rN+ Will+ Dex+7}
                  | (Okawaru gifted it to you on level 10 of the Dungeon)
 11887 | D:10     | Received a gift from Okawaru
 12503 | D:11     | Found a frozen archway.
 12509 | D:11     | Reached skill level 14 in Ranged Weapons
 12534 | IceCv    | Entered an ice cave
 12769 | IceCv    | Reached XP level 12. HP: 62/62 MP: 17/17
 13186 | IceCv    | Found an ancient bone altar of Kikubaaqudgha.
 13755 | IceCv    | Got the Precepts of Hoarfrost
 14017 | D:11     | Identified the +2 spear "Newtslayer" {antimagic, Will-
                  | Str+2 Int+4 Dex+4}
 14076 | D:11     | Noticed Urug
 14090 | D:11     | HP: 1/63 [Urug/+1 scimitar (21)]
 14095 | D:11     | Hit by a javelin thrown by Urug

Illustrated notes

Levels and vault maps discovered:
D:1:      mrwooster_arrival_statue_2, layout_loops_corners, minmay_pentomino_s2
D:2:      kennysheep_six_static_rooms, layout_basic, serial_shops, shop,
          dk_noncrumbling_4, grunt_ministairs_8, minmay_split_cup_large
D:3:      layout_basic, lightli_sewer_entry_pipes, uniq_robin
D:4:      layout_layer_cave, nzn_overflow_gifts_of_might_and_magic,
          goddamned_bats
D:5:      layout_loops_corners, minmay_temple_entry_crystal_x,
          uniq_prince_ribbit1, uniq_ijyb
D:6:      cheibrodos_two_vegetables, layout_loops_corners,
          mainiacjoe_overflow_alcove_1, uniq_blork_the_orc
D:7:      lemuel_castle_with_subvaults [lemuel_castle_interior_carwin_1],
          layout_rooms, lemuel_doored_altar
D:8:      layout_basic, nicolae_ashenzari_skybound, centaur_isle, uniq_pikel,
          uniq_psyche
D:9:      minmay_angry_zag, layout_stronghold, grunt_ministairs_7
D:10:     layout_long_grid, mainiacjoe_overflow_catwalk_spiral,
          due_lair_maze_entry_diamond, david_orc_5
D:11:     minmay_smoke_and_mirrors, layout_irregular_city,
          portal_ice_cave_entry_ice_simulacra, uniq_urug
Temple:   hellmonk_temple_of_storms

Skill      XL: |  1  2  3  4  5  6  7  8  9 10 11 12 |
---------------+-------------------------------------+-----
Conjurations   | 3 |  3.4
Ranged Weapons | 1 2 3 4 5 6 8 10 12 14 | 14.7
Translocations | 2 |  2.0
Dodging        | 3 4 5 6 7 8 |  8.8
Fighting       | 1 2 3 5 6 7 |  7.1
Hexes          | 2 3 4 |  4.0
Ice Magic      | 1 2 3 5 6 |  6.8
Stealth        | 4 5 |  5.4
Spellcasting   | 3 |  3.0
Fire Magic     | |  0.1
Evocations     | |  0.3

Action                   |  1- 3 |  4- 6 |  7- 9 | 10-12 || total
-------------------------+-------+-------+-------+-------++-------
Melee: Unarmed           |     8 |       |       |       ||     8
 Fire: Arbalest          |    63 |   219 |   201 |   509 ||   992
 Cast: Magic Dart        |    37 |     1 |       |       ||    38
       Dazzling Flash    |       |     1 |       |       ||     1
Invok: Sacrifice Essence |       |       |     1 |       ||     1
Evoke: Wand              |       |     8 |       |     2 ||    10
  Use: Scroll            |     2 |     6 |     8 |     7 ||    23
       Potion            |       |     2 |       |     4 ||     6
Armor: Robe              |    13 |    42 |    21 |    25 ||   101
Dodge: Dodged            |    74 |   181 |   100 |   286 ||   641

Table legend: (Time is in decaauts)
 A = Elapsed time spent in this place.
 B = Non-inter-level travel time spent in this place.
 C = Inter-level travel time spent in this place.
 D = Time resting spent in this place.
 E = Time spent auto-exploring this place.
 F = Levels seen in this place.
 G = Mean time per level.
                   A        B        C        D        E       F      G
               +--------+--------+--------+--------+--------+-----+--------+
         Total |  11187 |  10772 |    415 |   1021 |   7270 |  14 |  799.1 |
       Dungeon |   9182 |   8803 |    379 |    503 |   6309 |  11 |  834.7 |
        Temple |     51 |     15 |     36 |      0 |      0 |   1 |   51.0 |
         Sewer |    697 |    697 |      0 |    336 |    122 |   1 |  697.0 |
      Ice Cave |   1256 |   1256 |      0 |    182 |    838 |   1 | 1256.0 |
               +--------+--------+--------+--------+--------+-----+--------+

Top non-repeatable levels by time:
     D:6: 1609 daAuts
   IceCv: 1256 daAuts
     D:9: 1071 daAuts
     D:2: 939 daAuts
     D:4: 921 daAuts
     D:1: 900 daAuts
     D:8: 771 daAuts
     D:3: 723 daAuts
     D:7: 716 daAuts
     D:5: 700 daAuts
   Sewer: 697 daAuts
    D:10: 621 daAuts
    D:11: 207 daAuts
  Temple: 51 daAuts
